 Dungeon Crawl Stone Soup version 0.29.0-4-gdea44cf6ec (webtiles) character file.

Game seed: 1352493242762747680

147 qw the Chopper (level 5, -3/41 HPs)
             Began as a Ghoul Summoner on Sept 9, 2022.
             Slain by Natasha (6 damage)
             ... on level 3 of the Dungeon.
             The game lasted 00:02:39 (3960 turns).

qw the Chopper (Ghoul Summoner)                     Turns: 3960, Time: 00:02:40

Health: -3/41      AC:  5    Str: 14    XL:     5   Next: 29%
Magic:  6/6        EV: 11    Int: 10    God:
Gold:   41         SH:  0    Dex: 15    Spells: 6/7 levels left

rFire   . . .      SeeInvis .   Y - +1 falchion
rCold   + . .      Faith    .   (no shield)
rNeg    + + +      Spirit   .   j - +0 ring mail
rPois   inf        Reflect  .   (no helmet)
rElec   .          Harm     .   (no cloak)
rCorr   .          Rampage  .   (no gloves)
Will    .....                   (no boots)
Stlth   +.........              (no amulet)
HPRegen 0.00/turn               b - +6 ring of dexterity
MPRegen 0.10/turn               (no ring)

@: inhibited regen, slowed, very slow
A: claws 1, cold resistance 1, negative energy resistance 3, inhibited
regeneration, torment resistance 2, devour on kill
a: no special abilities


You were on level 3 of the Dungeon.
You visited 1 branch of the dungeon, and saw 3 of its levels.

You collected 149 gold pieces.
You spent 108 gold pieces at shops.


Innate Abilities, Weirdness & Mutations

You are immune to poison.
You have sharp fingernails.
Your flesh is cold resistant. (rC+)
You are immune to negative energy. (rN+++)
You do not regenerate when monsters are visible.
You are immune to unholy pain and torment.
You thrive by killing the living.


   Skills:
 - Level 2.0 Fighting
 + Level 3.9 Axes
 - Level 1.7 Dodging
 - Level 2.1 Stealth
 - Level 1.7 Spellcasting
 - Level 3.6 Summonings


You had 6 spell levels left.
You knew the following spells:

 Your Spells              Type           Power      Damage    Failure   Level
a - Summon Small Mammal   Summ           32%        N/A       16%         1

Your spell library contained the following spells:

 Spells                   Type           Power      Damage    Failure   Level
 Call Imp                 Summ           8%         N/A       22%         2
 Call Canine Familiar     Summ           8%         N/A       41%         3
 Summon Guardian Golem    Hex/Summ       4%         N/A       67%         3
 Summon Lightning Spire   Summ/Air       4%         N/A       97%         4

Inventory:

Hand Weapons
 k - a +3 short sword of protection
 Y - a +1 falchion (weapon)
Armour
 i - a +2 helmet
 j - a +0 ring mail (worn)
 l - a +1 scale mail of fire resistance
Jewellery
 b - a +6 ring of dexterity (left claw)
 e - a ring of resist corrosion
Potions
 a - a potion of curing {unknown}
 c - a potion of berserk rage {unknown}
 f - a potion of invisibility {unknown}
 g - a potion of haste {unknown}
 h - a potion of ambrosia {unknown}

Dungeon Overview and Level Annotations

Branches:
Dungeon (3/15)

Altars:
Xom

Shops:
D:2 (?(?

Annotations:
D:3 Natasha


Message History

Natasha misses you.
You hit Natasha.
Natasha is moderately wounded.
Natasha casts a spell at you.
You feel yourself slow down. Natasha barely misses you.
You hit Natasha.
Natasha is heavily wounded.
Natasha closely misses you. Natasha claws you.
You closely miss Natasha.
Natasha is heavily wounded.
Natasha howls an incantation.
You feel disoriented. Natasha barely misses you. x2
You closely miss Natasha.
Natasha is heavily wounded.
Natasha completely misses you. Natasha claws you.
You closely miss Natasha.
Natasha is heavily wounded.
Natasha barely misses you. Natasha claws you!
You closely miss Natasha.
Natasha is heavily wounded.
Natasha claws you but does no damage.
Natasha wildly gestures.
Natasha's front paws start to glow.
Natasha claws you but does no damage.
You hit Natasha.
Natasha is severely wounded.
Natasha barely misses you. Natasha casts a spell at you.
The magic dart hits you!
You barely miss Natasha.
Natasha is severely wounded.
Natasha closely misses you. Natasha claws you!
You hit Natasha.
Natasha is almost dead.
Natasha claws you!
Natasha mumbles some strange words.
You feel disoriented. Natasha claws you.
You die...

#....# #..#
.#..######..#
...........# #
#..######..#
+######.#..# #..#
........#..######..#
...................#
.......##..######.##
#....h@...# #.#
#........## #.#
.......##.# #.#
.#.###. #... ..# #
#. #.### #.# .. ..#
.# #. #.# #. #.#


You could see Natasha.

Vanquished Creatures
  Jessica (D:2)
  Robin (D:3)
  3 adders (D:2)
  A worm (D:2)
  4 orcs (D:3)
  5 ball pythons
  3 bats
  6 endoplasms
  2 giant cockroaches
  7 hobgoblins
  4 quokkas
  8 goblins
  2 kobolds
  2 rats
49 creatures vanquished.

Vanquished Creatures (collateral kills)
  A worm (D:2)
  2 bats
  3 endoplasms
  A giant cockroach (D:1)
  3 goblins
  2 frilled lizards (D:3)
  2 kobolds (D:2)
  3 rats
17 creatures vanquished.

Grand Total: 66 creatures vanquished

Notes
Turn   | Place    | Note
-------+----------+-------------------------------------------
     0 | D:1      | qw the Ghoul Summoner began the quest for the Orb.
     0 | D:1      | Reached XP level 1. HP: 14/14 MP: 2/2
     0 | D:1      | 0 ||| qw: Version: 0.1-a-113-g051387a
     0 | D:1      | 0 ||| qw: Game counter: 7079
     0 | D:1      | 0 ||| qw: Always use a shield: true
     0 | D:1      | 0 ||| qw: God list: Okawaru
     0 | D:1      | 0 ||| qw: Allow faded altars: false
     0 | D:1      | 0 ||| qw: Do Orc after D:15 true
     0 | D:1      | 0 ||| qw: Do second Lair branch before Depths: true
     0 | D:1      | 0 ||| qw: Lair rune preference: random
     0 | D:1      | 0 ||| qw: Plans: Normal
     0 | D:1      | 0 ||| PLANNING D:1-11
    59 | D:1      | 59 ||| CASTING Summon Small Mammal
    60 | D:1      | 60 ||| CASTING Summon Small Mammal
    69 | D:1      | 69 ||| Stepping ~*~*~tactically~*~*~ (outnumbered).
    70 | D:1      | 70 ||| Stepping ~*~*~tactically~*~*~ (outnumbered).
    71 | D:1      | 71 ||| Stepping ~*~*~tactically~*~*~ (outnumbered).
    72 | D:1      | 72 ||| CASTING Summon Small Mammal
   176 | D:1      | 176 ||| Wielding weapon +0 short sword.
   179 | D:1      | 179 ||| CASTING Summon Small Mammal
   180 | D:1      | 180 ||| CASTING Summon Small Mammal
   187 | D:1      | 187 ||| Stepping ~*~*~tactically~*~*~ (outnumbered).
   188 | D:1      | 188 ||| Stepping ~*~*~tactically~*~*~ (outnumbered).
   189 | D:1      | 189 ||| Stepping ~*~*~tactically~*~*~ (outnumbered).
   191 | D:1      | Reached skill level 1 in Axes
   191 | D:1      | 191 ||| CASTING Summon Small Mammal
   239 | D:1      | 239 ||| CASTING Summon Small Mammal
   240 | D:1      | 240 ||| CASTING Summon Small Mammal
   251 | D:1      | Reached XP level 2. HP: 22/22 MP: 1/3
   251 | D:1      | 251 ||| CASTING Summon Small Mammal
   258 | D:1      | Reached skill level 1 in Fighting
   298 | D:1      | 298 ||| CASTING Summon Small Mammal
   299 | D:1      | 299 ||| CASTING Summon Small Mammal
   300 | D:1      | 300 ||| CASTING Summon Small Mammal
   336 | D:1      | 336 ||| CASTING Summon Small Mammal
   337 | D:1      | 337 ||| CASTING Summon Small Mammal
   338 | D:1      | 338 ||| CASTING Summon Small Mammal
   378 | D:1      | 378 ||| CASTING Summon Small Mammal
   379 | D:1      | 379 ||| CASTING Summon Small Mammal
   380 | D:1      | 380 ||| CASTING Summon Small Mammal
   438 | D:1      | 438 ||| CASTING Summon Small Mammal
   439 | D:1      | 439 ||| CASTING Summon Small Mammal
   440 | D:1      | 440 ||| CASTING Summon Small Mammal
   485 | D:1      | 485 ||| CASTING Summon Small Mammal
   486 | D:1      | 486 ||| CASTING Summon Small Mammal
   487 | D:1      | 487 ||| CASTING Summon Small Mammal
   498 | D:1      | 498 ||| CASTING Summon Small Mammal
   565 | D:1      | 565 ||| CASTING Summon Small Mammal
   566 | D:1      | 566 ||| CASTING Summon Small Mammal
   567 | D:1      | 567 ||| CASTING Summon Small Mammal
   608 | D:1      | 608 ||| Stepping ~*~*~tactically~*~*~ (stealth).
   609 | D:1      | 609 ||| CASTING Summon Small Mammal
   610 | D:1      | 610 ||| CASTING Summon Small Mammal
   611 | D:1      | 611 ||| CASTING Summon Small Mammal
   647 | D:1      | 647 ||| CASTING Summon Small Mammal
   648 | D:1      | 648 ||| CASTING Summon Small Mammal
   649 | D:1      | 649 ||| CASTING Summon Small Mammal
   659 | D:1      | 659 ||| CASTING Summon Small Mammal
   660 | D:1      | 660 ||| Stepping ~*~*~tactically~*~*~ (stealth).
   676 | D:1      | 676 ||| CASTING Summon Small Mammal
   684 | D:1      | 684 ||| CASTING Summon Small Mammal
   729 | D:1      | 729 ||| Stepping ~*~*~tactically~*~*~ (stealth).
   730 | D:1      | 730 ||| Stepping ~*~*~tactically~*~*~ (stealth).
   731 | D:1      | 731 ||| CASTING Summon Small Mammal
   732 | D:1      | 732 ||| CASTING Summon Small Mammal
   733 | D:1      | 733 ||| CASTING Summon Small Mammal
   743 | D:1      | 743 ||| CASTING Summon Small Mammal
   755 | D:1      | 755 ||| CASTING Summon Small Mammal
  1007 | D:1      | 1007 ||| CASTING Summon Small Mammal
  1008 | D:1      | 1008 ||| CASTING Summon Small Mammal
  1009 | D:1      | 1009 ||| CASTING Summon Small Mammal
  1019 | D:1      | 1019 ||| CASTING Summon Small Mammal
  1024 | D:1      | Reached XP level 3. HP: 28/28 MP: 0/4
  1138 | D:1      | 1138 ||| UPGRADING to +0 leather armour.
  1148 | D:1      | 1148 ||| DROPPING +0 robe.
  1149 | D:1      | 1149 ||| READING scroll labelled ITZULANKIE.
  1152 | D:1      | 1152 ||| READING scroll labelled HOIMOD YNOHUPH.
  1153 | D:1      | 1153 ||| READING scroll labelled LUBLAP FIUTUI.
  1154 | D:1      | 1154 ||| DROPPING potion of magic.
  1169 | D:2      | Found a faded altar of an unknown god.
  1170 | D:2      | 1170 ||| CASTING Summon Small Mammal
  1171 | D:2      | 1171 ||| STAIRDANCE
  1184 | D:2      | 1184 ||| CASTING Summon Small Mammal
  1185 | D:2      | 1185 ||| CASTING Summon Small Mammal
  1186 | D:2      | 1186 ||| CASTING Summon Small Mammal
  1187 | D:2      | 1187 ||| CASTING Summon Small Mammal
  1241 | D:2      | 1241 ||| CASTING Summon Small Mammal
  1242 | D:2      | 1242 ||| CASTING Summon Small Mammal
  1243 | D:2      | 1243 ||| CASTING Summon Small Mammal
  1244 | D:2      | 1244 ||| CASTING Summon Small Mammal
  1305 | D:2      | Found Refa's Magic Scroll Shop.
  1311 | D:2      | 1311 ||| BUYING scroll of enchant weapon (75 gold).
  1311 | D:2      | Bought a scroll of enchant weapon for 75 gold pieces
  1311 | D:2      | 1311 ||| SHOPLISTING scroll of identify (20 gold, have 3).
  1311 | D:2      | 1311 ||| SHOPLISTING scroll of teleportation (30 gold, have
                  | 3).
  1311 | D:2      | 1311 ||| READING scroll of enchant weapon.
  1311 | D:2      | 1311 ||| ENCHANTING +0 short sword.
  1320 | D:2      | 1320 ||| Stepping ~*~*~tactically~*~*~ (stealth).
  1321 | D:2      | 1321 ||| Stepping ~*~*~tactically~*~*~ (stealth).
  1323 | D:2      | 1323 ||| CASTING Summon Small Mammal
  1324 | D:2      | 1324 ||| CASTING Summon Small Mammal
  1325 | D:2      | 1325 ||| CASTING Summon Small Mammal
  1326 | D:2      | 1326 ||| CASTING Summon Small Mammal
  1334 | D:2      | 1334 ||| CASTING Summon Small Mammal
  1430 | D:2      | 1430 ||| CASTING Summon Small Mammal
  1431 | D:2      | 1431 ||| CASTING Summon Small Mammal
  1432 | D:2      | 1432 ||| CASTING Summon Small Mammal
  1433 | D:2      | 1433 ||| CASTING Summon Small Mammal
  1489 | D:2      | 1489 ||| CASTING Summon Small Mammal
  1490 | D:2      | 1490 ||| Stepping ~*~*~tactically~*~*~ (stealth).
  1493 | D:2      | 1493 ||| CASTING Summon Small Mammal
  1494 | D:2      | 1494 ||| CASTING Summon Small Mammal
  1495 | D:2      | 1495 ||| CASTING Summon Small Mammal
  1500 | D:2      | 1500 ||| CASTING Summon Small Mammal
  1549 | D:2      | Found Igiuff's Antique Weapon Emporium.
  1555 | D:2      | 1555 ||| UPGRADING to +6 ring of dexterity.
  1556 | D:2      | 1556 ||| READING scroll labelled MYRURCH QASUMUTIX.
  1557 | D:2      | 1557 ||| DRINKING 2 lumpy yellow potions.
  1558 | D:2      | 1558 ||| Stepping randomly (stuck).
  1559 | D:2      | 1559 ||| CASTING Summon Small Mammal
  1560 | D:2      | 1560 ||| CASTING Summon Small Mammal
  1586 | D:2      | 1586 ||| SWAPPING to +0 whip.
  1587 | D:2      | 1587 ||| DROPPING +1 short sword.
  1589 | D:2      | 1589 ||| Stepping randomly (stuck).
  1590 | D:2      | 1590 ||| Stepping randomly (stuck).
  1591 | D:2      | 1591 ||| Stepping randomly (stuck).
  1592 | D:2      | 1592 ||| Stepping randomly (stuck).
  1593 | D:2      | 1593 ||| Stepping randomly (stuck).
  1594 | D:2      | 1594 ||| Stepping randomly (stuck).
  1595 | D:2      | 1595 ||| Stepping randomly (stuck).
  1596 | D:2      | 1596 ||| Stepping randomly (stuck).
  1597 | D:2      | 1597 ||| Stepping randomly (stuck).
  1598 | D:2      | 1598 ||| Stepping randomly (stuck).
  1600 | D:2      | 1600 ||| Stepping randomly (stuck).
  1601 | D:2      | 1601 ||| Stepping randomly (stuck).
  1602 | D:2      | 1602 ||| Stepping randomly (stuck).
  1604 | D:2      | 1604 ||| Stepping randomly (stuck).
  1605 | D:2      | 1605 ||| Stepping randomly (stuck).
  1606 | D:2      | 1606 ||| Stepping randomly (stuck).
  1607 | D:2      | 1607 ||| Stepping randomly (stuck).
  1608 | D:2      | 1608 ||| Stepping randomly (stuck).
  1609 | D:2      | 1609 ||| Stepping randomly (stuck).
  1610 | D:2      | 1610 ||| Stepping randomly (stuck).
  1611 | D:2      | 1611 ||| Stepping randomly (stuck).
  1612 | D:2      | 1612 ||| Stepping randomly (stuck).
  1613 | D:2      | 1613 ||| CASTING Summon Small Mammal
  1614 | D:2      | 1614 ||| CASTING Summon Small Mammal
  1615 | D:2      | 1615 ||| CASTING Summon Small Mammal
  1616 | D:2      | 1616 ||| CASTING Summon Small Mammal
  1658 | D:2      | 1658 ||| Stepping randomly (stuck).
  1660 | D:2      | 1660 ||| Stepping randomly (stuck).
  1661 | D:2      | 1661 ||| Stepping randomly (stuck).
  1662 | D:2      | 1662 ||| Stepping randomly (stuck).
  1664 | D:2      | 1664 ||| Stepping randomly (stuck).
  1665 | D:2      | 1665 ||| Stepping randomly (stuck).
  1667 | D:2      | 1667 ||| Stepping randomly (stuck).
  1669 | D:2      | 1669 ||| Stepping randomly (stuck).
  1671 | D:2      | 1671 ||| Stepping randomly (stuck).
  1672 | D:2      | 1672 ||| Stepping randomly (stuck).
  1673 | D:2      | 1673 ||| Stepping randomly (stuck).
  1674 | D:2      | 1674 ||| Stepping randomly (stuck).
  1675 | D:2      | 1675 ||| Stepping randomly (stuck).
  1676 | D:2      | 1676 ||| Stepping randomly (stuck).
  1677 | D:2      | 1677 ||| Stepping randomly (stuck).
  1678 | D:2      | 1678 ||| Stepping randomly (stuck).
  1679 | D:2      | 1679 ||| Stepping randomly (stuck).
  1680 | D:2      | 1680 ||| Stepping randomly (stuck).
  1681 | D:2      | 1681 ||| Stepping randomly (stuck).
  1682 | D:2      | 1682 ||| Stepping randomly (stuck).
  1683 | D:2      | 1683 ||| Stepping randomly (stuck).
  1684 | D:2      | 1684 ||| Stepping randomly (stuck).
  1685 | D:2      | 1685 ||| Stepping randomly (stuck).
  1686 | D:2      | 1686 ||| Stepping randomly (stuck).
  1687 | D:2      | 1687 ||| Stepping randomly (stuck).
  1688 | D:2      | 1688 ||| Stepping randomly (stuck).
  1689 | D:2      | 1689 ||| Stepping randomly (stuck).
  1691 | D:2      | 1691 ||| Stepping randomly (stuck).
  1692 | D:2      | 1692 ||| Stepping randomly (stuck).
  1693 | D:2      | 1693 ||| Stepping randomly (stuck).
  1694 | D:2      | 1694 ||| Stepping randomly (stuck).
  1695 | D:2      | 1695 ||| Stepping randomly (stuck).
  1696 | D:2      | 1696 ||| Stepping randomly (stuck).
  1697 | D:2      | 1697 ||| Stepping randomly (stuck).
  1698 | D:2      | 1698 ||| Stepping randomly (stuck).
  1699 | D:2      | 1699 ||| Stepping randomly (stuck).
  1700 | D:2      | 1700 ||| Stepping randomly (stuck).
  1701 | D:2      | 1701 ||| Stepping randomly (stuck).
  1702 | D:2      | 1702 ||| Stepping randomly (stuck).
  1704 | D:2      | 1704 ||| Stepping randomly (stuck).
  1705 | D:2      | 1705 ||| Stepping randomly (stuck).
  1706 | D:2      | 1706 ||| Stepping randomly (stuck).
  1707 | D:2      | 1707 ||| Stepping randomly (stuck).
  1708 | D:2      | 1708 ||| Stepping randomly (stuck).
  1709 | D:2      | 1709 ||| Stepping randomly (stuck).
  1710 | D:2      | 1710 ||| Stepping randomly (stuck).
  1711 | D:2      | 1711 ||| Stepping randomly (stuck).
  1712 | D:2      | 1712 ||| Stepping randomly (stuck).
  1713 | D:2      | 1713 ||| Stepping randomly (stuck).
  1714 | D:2      | 1714 ||| Stepping randomly (stuck).
  1715 | D:2      | 1715 ||| Stepping randomly (stuck).
  1716 | D:2      | 1716 ||| SHOPLISTING +5 demon whip "Spellbinder"
                  | {antimagic, Will+} (2147 gold, have 14).
  1716 | D:2      | 1716 ||| SHOPLISTING falchion (78 gold, have 14).
  1716 | D:2      | 1716 ||| SHOPLISTING glowing dagger (130 gold, have 14).
  1716 | D:2      | 1716 ||| SHOPLISTING runed long sword (169 gold, have 14).
  1716 | D:2      | 1716 ||| Stepping randomly (stuck).
  1717 | D:2      | 1717 ||| Stepping randomly (stuck).
  1718 | D:2      | 1718 ||| Stepping randomly (stuck).
  1719 | D:2      | 1719 ||| Stepping randomly (stuck).
  1754 | D:2      | 1754 ||| CASTING Summon Small Mammal
  1755 | D:2      | 1755 ||| CASTING Summon Small Mammal
  1756 | D:2      | 1756 ||| CASTING Summon Small Mammal
  1757 | D:2      | 1757 ||| CASTING Summon Small Mammal
  1801 | D:2      | 1801 ||| CASTING Summon Small Mammal
  1802 | D:2      | 1802 ||| CASTING Summon Small Mammal
  1803 | D:2      | 1803 ||| CASTING Summon Small Mammal
  1804 | D:2      | 1804 ||| CASTING Summon Small Mammal
  1812 | D:2      | 1812 ||| CASTING Summon Small Mammal
  1817 | D:2      | HP: 6/29 [worm (10)]
  1818 | D:2      | 1818 ||| DRINKING 2 potions of heal wounds.
  1858 | D:2      | Noticed Jessica
  1859 | D:2      | 1859 ||| CASTING Summon Small Mammal
  1860 | D:2      | 1860 ||| CASTING Summon Small Mammal
  1861 | D:2      | 1861 ||| CASTING Summon Small Mammal
  1862 | D:2      | 1862 ||| CASTING Summon Small Mammal
  1870 | D:2      | 1870 ||| CASTING Summon Small Mammal
  1873 | D:2      | Killed Jessica
  1874 | D:2      | Reached XP level 4. HP: 20/36 MP: 0/5
  1994 | D:2      | 1994 ||| CASTING Summon Small Mammal
  1995 | D:2      | 1995 ||| CASTING Summon Small Mammal
  1996 | D:2      | 1996 ||| CASTING Summon Small Mammal
  1997 | D:2      | 1997 ||| CASTING Summon Small Mammal
  1998 | D:2      | 1998 ||| CASTING Summon Small Mammal
  2064 | D:2      | 2064 ||| CASTING Summon Small Mammal
  2065 | D:2      | 2065 ||| CASTING Summon Small Mammal
  2067 | D:2      | 2067 ||| CASTING Summon Small Mammal
  2068 | D:2      | 2068 ||| CASTING Summon Small Mammal
  2069 | D:2      | 2069 ||| CASTING Summon Small Mammal
  2137 | D:2      | Found Tejaimat's Magic Scroll Shoppe.
  2142 | D:2      | 2142 ||| SHOPLISTING scroll of enchant weapon (82 gold,
                  | have 32).
  2142 | D:2      | 2142 ||| SHOPLISTING scroll of teleportation (33 gold, have
                  | 32).
  2146 | D:2      | Found a shimmering altar of Xom.
  2151 | D:2      | 2151 ||| CASTING Summon Small Mammal
  2152 | D:2      | 2152 ||| CASTING Summon Small Mammal
  2153 | D:2      | 2153 ||| CASTING Summon Small Mammal
  2154 | D:2      | 2154 ||| CASTING Summon Small Mammal
  2155 | D:2      | 2155 ||| CASTING Summon Small Mammal
  2216 | D:2      | 2216 ||| CASTING Summon Small Mammal
  2217 | D:2      | 2217 ||| CASTING Summon Small Mammal
  2220 | D:2      | 2220 ||| CASTING Summon Small Mammal
  2221 | D:2      | 2221 ||| CASTING Summon Small Mammal
  2222 | D:2      | 2222 ||| CASTING Summon Small Mammal
  2227 | D:2      | 2227 ||| CASTING Summon Small Mammal
  2231 | D:2      | Reached skill level 3 in Axes
  2312 | D:2      | 2312 ||| CASTING Summon Small Mammal
  2313 | D:2      | 2313 ||| CASTING Summon Small Mammal
  2314 | D:2      | 2314 ||| CASTING Summon Small Mammal
  2315 | D:2      | 2315 ||| CASTING Summon Small Mammal
  2316 | D:2      | 2316 ||| CASTING Summon Small Mammal
  2323 | D:2      | 2323 ||| CASTING Summon Small Mammal
  2385 | D:2      | 2385 ||| CASTING Summon Small Mammal
  2386 | D:2      | 2386 ||| CASTING Summon Small Mammal
  2387 | D:2      | 2387 ||| CASTING Summon Small Mammal
  2388 | D:2      | 2388 ||| CASTING Summon Small Mammal
  2390 | D:2      | 2390 ||| CASTING Summon Small Mammal
  2399 | D:2      | 2399 ||| CASTING Summon Small Mammal
  2460 | D:2      | 2460 ||| CASTING Summon Small Mammal
  2461 | D:2      | 2461 ||| CASTING Summon Small Mammal
  2462 | D:2      | 2462 ||| CASTING Summon Small Mammal
  2463 | D:2      | 2463 ||| CASTING Summon Small Mammal
  2464 | D:2      | 2464 ||| CASTING Summon Small Mammal
  2520 | D:2      | Found Jijyos's Weapon Emporium.
  2521 | D:2      | 2521 ||| CASTING Summon Small Mammal
  2522 | D:2      | 2522 ||| CASTING Summon Small Mammal
  2523 | D:2      | 2523 ||| CASTING Summon Small Mammal
  2524 | D:2      | 2524 ||| CASTING Summon Small Mammal
  2525 | D:2      | 2525 ||| CASTING Summon Small Mammal
  2532 | D:2      | 2532 ||| CASTING Summon Small Mammal
  2595 | D:2      | 2595 ||| BUYING +0 falchion (33 gold).
  2595 | D:2      | Bought a +0 falchion for 33 gold pieces
  2595 | D:2      | 2595 ||| SWAPPING to +0 falchion.
  2596 | D:2      | 2596 ||| CASTING Summon Small Mammal
  2597 | D:2      | 2597 ||| CASTING Summon Small Mammal
  2599 | D:2      | 2599 ||| CASTING Summon Small Mammal
  2601 | D:2      | 2601 ||| CASTING Summon Small Mammal
  2602 | D:2      | 2602 ||| CASTING Summon Small Mammal
  2740 | D:2      | 2740 ||| READING scroll labelled ICKANA DUCA.
  2741 | D:2      | 2741 ||| Stepping randomly (stuck).
  2742 | D:2      | 2742 ||| Stepping randomly (stuck).
  2743 | D:2      | 2743 ||| Stepping randomly (stuck).
  2747 | D:2      | 2747 ||| CASTING Summon Small Mammal
  2748 | D:2      | 2748 ||| CASTING Summon Small Mammal
  2749 | D:2      | 2749 ||| CASTING Summon Small Mammal
  2750 | D:2      | 2750 ||| CASTING Summon Small Mammal
  2751 | D:2      | 2751 ||| CASTING Summon Small Mammal
  2839 | D:2      | 2839 ||| READING scroll of enchant weapon.
  2839 | D:2      | 2839 ||| ENCHANTING +0 falchion.
  2843 | D:2      | 2843 ||| CASTING Summon Small Mammal
  2844 | D:2      | 2844 ||| CASTING Summon Small Mammal
  2845 | D:2      | 2845 ||| CASTING Summon Small Mammal
  2846 | D:2      | 2846 ||| CASTING Summon Small Mammal
  2847 | D:2      | 2847 ||| CASTING Summon Small Mammal
  2901 | D:2      | 2901 ||| CASTING Summon Small Mammal
  2902 | D:2      | 2902 ||| CASTING Summon Small Mammal
  2903 | D:2      | 2903 ||| CASTING Summon Small Mammal
  2904 | D:2      | 2904 ||| CASTING Summon Small Mammal
  2905 | D:2      | 2905 ||| CASTING Summon Small Mammal
  2911 | D:2      | 2911 ||| CASTING Summon Small Mammal
  3012 | D:2      | 3012 ||| UPGRADING to +0 ring mail.
  3022 | D:2      | 3022 ||| DROPPING +0 leather armour.
  3033 | D:3      | 3033 ||| CASTING Summon Small Mammal
  3034 | D:3      | 3034 ||| CASTING Summon Small Mammal
  3035 | D:3      | 3035 ||| CASTING Summon Small Mammal
  3036 | D:3      | 3036 ||| CASTING Summon Small Mammal
  3037 | D:3      | 3037 ||| CASTING Summon Small Mammal
  3042 | D:3      | 3042 ||| CASTING Summon Small Mammal
  3045 | D:3      | 3045 ||| STAIRDANCE
  3141 | D:3      | 3141 ||| CASTING Summon Small Mammal
  3142 | D:3      | 3142 ||| CASTING Summon Small Mammal
  3143 | D:3      | 3143 ||| CASTING Summon Small Mammal
  3144 | D:3      | 3144 ||| CASTING Summon Small Mammal
  3145 | D:3      | 3145 ||| CASTING Summon Small Mammal
  3215 | D:3      | 3215 ||| CASTING Summon Small Mammal
  3216 | D:3      | 3216 ||| CASTING Summon Small Mammal
  3217 | D:3      | 3217 ||| CASTING Summon Small Mammal
  3218 | D:3      | 3218 ||| CASTING Summon Small Mammal
  3219 | D:3      | 3219 ||| CASTING Summon Small Mammal
  3278 | D:3      | 3278 ||| CASTING Summon Small Mammal
  3279 | D:3      | 3279 ||| CASTING Summon Small Mammal
  3310 | D:3      | 3310 ||| CASTING Summon Small Mammal
  3311 | D:3      | 3311 ||| CASTING Summon Small Mammal
  3312 | D:3      | 3312 ||| CASTING Summon Small Mammal
  3313 | D:3      | 3313 ||| CASTING Summon Small Mammal
  3314 | D:3      | 3314 ||| CASTING Summon Small Mammal
  3320 | D:3      | 3320 ||| CASTING Summon Small Mammal
  3329 | D:3      | 3329 ||| CASTING Summon Small Mammal
  3429 | D:3      | 3429 ||| CASTING Summon Small Mammal
  3430 | D:3      | 3430 ||| CASTING Summon Small Mammal
  3431 | D:3      | 3431 ||| CASTING Summon Small Mammal
  3432 | D:3      | 3432 ||| CASTING Summon Small Mammal
  3433 | D:3      | 3433 ||| CASTING Summon Small Mammal
  3438 | D:3      | 3438 ||| Stepping ~*~*~tactically~*~*~ (outnumbered).
  3439 | D:3      | 3439 ||| CASTING Summon Small Mammal
  3440 | D:3      | 3440 ||| Stepping ~*~*~tactically~*~*~ (outnumbered).
  3441 | D:3      | Noticed Robin
  3442 | D:3      | 3442 ||| Stepping ~*~*~tactically~*~*~ (hiding).
  3449 | D:3      | 3449 ||| CASTING Summon Small Mammal
  3455 | D:3      | 3455 ||| Stepping ~*~*~tactically~*~*~ (outnumbered).
  3459 | D:3      | 3459 ||| CASTING Summon Small Mammal
  3460 | D:3      | HP: 9/36 [Robin/+0 spear (3)]
  3461 | D:3      | 3461 ||| DRINKING potion of heal wounds.
  3462 | D:3      | Killed Robin
  3463 | D:3      | Reached XP level 5. HP: 38/41 MP: 0/6
  3466 | D:3      | 3466 ||| Stepping ~*~*~tactically~*~*~ (outnumbered).
  3468 | D:3      | 3468 ||| Stepping ~*~*~tactically~*~*~ (outnumbered).
  3470 | D:3      | 3470 ||| Stepping ~*~*~tactically~*~*~ (outnumbered).
  3602 | D:3      | 3602 ||| CASTING Summon Small Mammal
  3603 | D:3      | 3603 ||| CASTING Summon Small Mammal
  3608 | D:3      | 3608 ||| Stepping ~*~*~tactically~*~*~ (outnumbered).
  3609 | D:3      | 3609 ||| Stepping ~*~*~tactically~*~*~ (outnumbered).
  3610 | D:3      | 3610 ||| Stepping ~*~*~tactically~*~*~ (outnumbered).
  3614 | D:3      | 3614 ||| Stepping ~*~*~tactically~*~*~ (outnumbered).
  3629 | D:3      | 3629 ||| CASTING Summon Small Mammal
  3639 | D:3      | 3639 ||| Stepping ~*~*~tactically~*~*~ (stealth).
  3640 | D:3      | 3640 ||| CASTING Summon Small Mammal
  3641 | D:3      | 3641 ||| CASTING Summon Small Mammal
  3642 | D:3      | 3642 ||| CASTING Summon Small Mammal
  3643 | D:3      | 3643 ||| CASTING Summon Small Mammal
  3681 | D:3      | 3681 ||| DROPPING +0 whip.
  3724 | D:3      | 3724 ||| CASTING Summon Small Mammal
  3725 | D:3      | 3725 ||| CASTING Summon Small Mammal
  3726 | D:3      | 3726 ||| CASTING Summon Small Mammal
  3781 | D:3      | 3781 ||| CASTING Summon Small Mammal
  3782 | D:3      | 3782 ||| CASTING Summon Small Mammal
  3783 | D:3      | 3783 ||| CASTING Summon Small Mammal
  3784 | D:3      | 3784 ||| CASTING Summon Small Mammal
  3785 | D:3      | 3785 ||| CASTING Summon Small Mammal
  3786 | D:3      | 3786 ||| CASTING Summon Small Mammal
  3844 | D:3      | Noticed Natasha
  3845 | D:3      | 3845 ||| Stepping ~*~*~tactically~*~*~ (hiding).
  3960 | D:3      | HP: 3/41 [Natasha (8)]
  3960 | D:3      | Slain by Natasha

Levels and vault maps discovered:
D:1:      mrwooster_arrival_statue_2, layout_rooms, minmay_tetromino_o4
D:2:      layout_basic, serial_shops, nicolae_shop_trees, shop_fountains,
          nicolae_shop_statue_plus, nicolae_square_shop, basic_altar,
          nicolae_ecumenical_pavilion, uniq_jessica
D:3:      layout_basic, marbit_many_paths, lemuel_crystal_altar, uniq_robin,
          uniq_natasha, uniq_terence

Skill      XL: |  1  2  3  4 |
---------------+-------------+-----
Axes           | 1 2 3 |  3.9
Fighting       | 1 2 |  2.0
Dodging        | |  1.7
Stealth        | |  2.1
Spellcasting   | |  1.7
Summonings     | |  3.6

Action                   |  1- 3 |  4- 6 || total
-------------------------+-------+-------++-------
Melee: Unarmed           |    10 |       ||    10
       Short sword       |    72 |       ||    72
       Whip              |    16 |    29 ||    45
       Falchion          |       |    98 ||    98
       Punch             |       |     2 ||     2
 Cast: Summon Small Mamm |    81 |   105 ||   186
  Use: Scroll            |     5 |     2 ||     7
       Potion            |     2 |     1 ||     3
 Stab: Distracted        |       |     2 ||     2
Armor: Robe              |    10 |       ||    10
       Leather armour    |    14 |     9 ||    23
       Ring mail         |       |    45 ||    45
Dodge: Dodged            |    75 |    84 ||   159

Table legend:
 A = Non-vault XP
 B = Vault XP
 C = Vault XP percentage of total XP
 D = Non-vault monster count
 E = Vault monster count
 F = Vault count percentage of total count
                 A         B        C        D         E       F
            +---------+---------+-------+---------+---------+-------
      Total |     132 |      78 |  37.1 |      51 |      15 |  22.7
            +---------+---------+-------+---------+---------+-------
        D:1 |      28 |       6 |  17.6 |      16 |       3 |  15.8
        D:2 |      79 |      37 |  31.9 |      23 |       1 |   4.2
        D:3 |      25 |      35 |  58.3 |      12 |      11 |  47.8
            +---------+---------+-------+---------+---------+-------
